 Dungeon Crawl Stone Soup version 0.25-a0-85-g7617fd2bc2 (webtiles) character file.

Game seed: 10643144102686640486, levelgen mode: deterministic

28 D1HalberdGnoll the Sneak (level 3, 0/18 HPs)
             Began as a Vine Stalker Assassin on Nov 8, 2019.
             Slain by a hobgoblin
             ... wielding a +0 club
              (2 damage)
             ... on level 1 of the Dungeon.
             The game lasted 00:01:09 (894 turns).

D1HalberdGnoll the Sneak (Vine Stalker Assassin)     Turns: 894, Time: 00:01:10

Health: 0/18       AC:  3    Str: 14    XL:     3   Next: 12%
Magic:  0/4        EV: 11    Int: 11    God:
Gold:   33         SH:  0    Dex: 15    Spells: 2/2 levels left

rFire    . . .     SeeInvis .   a - +2 dagger
rCold    . . .     Gourm    .   (no shield)
rNeg     . . .     Faith    .   b - +0 robe
rPois    .         Spirit   +   (no helmet)
rElec    .         Reflect  .   c - +0 cloak
rCorr    .         Harm     .   (no gloves)
MR       .....                  (no boots)
Stlth    +++.......             (no amulet)
HPRegen  0.06/turn              (no ring)
MPRegen  0.09/turn              (no ring)

@: no status effects
A: fangs 2, magic shield, antimagic bite, no potion heal 3, rot immunity
a: no special abilities


You were on level 1 of the Dungeon.
You were not hungry.

You visited 1 branch of the dungeon, and saw 1 of its levels.

You collected 33 gold pieces.

Inventory:

Hand Weapons
 a - a +2 dagger (weapon)
Missiles
 d - 5 poisoned darts (quivered)
 e - 2 curare-tipped darts
Armour
 b - a +0 robe (worn)
 c - a +0 cloak (worn)
Scrolls
 g - a scroll of teleportation {unknown}
 j - a scroll of identify {unknown}
Potions
 h - 2 potions of curing {unknown}
Comestibles
 f - a ration
 i - 2 chunks of flesh


   Skills:
 + Level 2.1 Fighting
 + Level 2.1 Short Blades
 - Level 1.7 Throwing
 - Level 0.7 Dodging
 * Level 5.6 Stealth


You had 2 spell levels left.
You didn't know any spells.
Your spell library was empty.

Dungeon Overview and Level Annotations

Branches:
Dungeon (1/15)

Altars:


Innate Abilities, Weirdness & Mutations

You have extremely sharp teeth.
When hurt, damage is shared between your health and your magic reserves.
Your bite disrupts and absorbs the magic of your enemies.
Potions cannot restore your health.
You are immune to rotting.


Message History

The hobgoblin hits you but does no damage.
Throwing (i - inventory. (/) - cycle)
d - 6 poisoned darts (quivered)
Press: ? - help, Shift-Dir - straight line, f/p - hobgoblin
Aim: a hobgoblin, wielding a +0 club You throw a poisoned dart.
The poisoned dart hits the hobgoblin.
The hobgoblin is poisoned.
The hobgoblin hits you with a +0 club.
* * * LOW HITPOINT WARNING * * *
You hit the hobgoblin.
The hobgoblin is lightly wounded.
You hit the hobgoblin.
The hobgoblin is heavily wounded.
The hobgoblin barely misses you.
You barely miss the hobgoblin.
The hobgoblin is heavily wounded.
The hobgoblin hits you with a +0 club!
* * * LOW HITPOINT WARNING * * *
You closely miss the hobgoblin.
The hobgoblin is heavily wounded.
The hobgoblin hits you with a +0 club.
You die...

#. #.....[..... .
#.####(####.######
# #####..(##.# #.#
# ..r........# #.#
#. #.# #.# #. #.#
#.# #. #r# #.# #.
#g# ####.#######.
#@# #............
#.# #.........†..
#.# #.#####.####.
#.# #.# #......
#.# #.# ######.
#.####.# #.
#......# #.
######.######## #.
#......... ..


You could see a hobgoblin and a rat.

Vanquished Creatures
  An ooze (D:1)
  A dart slug (D:1)
  A leopard gecko (D:1)
  2 goblins (D:1)
  2 hobgoblins (D:1)
  3 jackals (D:1)
  4 kobolds (D:1)
  A bat (D:1)
  A frilled lizard (D:1)
  3 rats (D:1)
19 creatures vanquished.

Notes
Turn   | Place    | Note
-------+----------+-------------------------------------------
     0 | D:1      | D1HalberdGnoll the Vine Stalker Assassin began the quest
                  | for the Orb.
     0 | D:1      | Reached XP level 1. HP: 11/11 MP: 2/2
    47 | D:1      | Reached skill level 5 in Stealth
   320 | D:1      | Reached XP level 2. HP: 15/15 MP: 3/3
   838 | D:1      | Reached XP level 3. HP: 18/18 MP: 4/4
   894 | D:1      | Slain by a hobgoblin

Levels and vault maps discovered:
D:1:      dpeg_arrival_long_road, layout_loops_ring

Skill      XL: |  1 |
---------------+----+-----
Stealth        | 5 |  5.6
Fighting       | 2 |  2.1
Short Blades   | 2 |  2.1
Throwing       | |  1.7
Dodging        | |  0.7

Action                   || total
-------------------------++-------
Melee: Dagger            ||    44
       Bite              ||     7
Throw: Dart              ||    12
 Stab: Sleeping          ||     6
Armor: Robe              ||     8
Dodge: Dodged            ||    13

Table legend:
 A = Non-vault XP
 B = Vault XP
 C = Vault XP percentage of total XP
 D = Non-vault monster count
 E = Vault monster count
 F = Vault count percentage of total count
                 A         B        C        D         E       F
            +---------+---------+-------+---------+---------+-------
      Total |      40 |       0 |   0.0 |      19 |       0 |   0.0
            +---------+---------+-------+---------+---------+-------
        D:1 |      40 |       0 |   0.0 |      19 |       0 |   0.0
            +---------+---------+-------+---------+---------+-------
